[Event "Lithuanian Chess League 2021"]
[Site "Various cities"]
[Date "2021.05.15"]
[Round "6.25"]
[White "Liandzbergas, Mykolas"]
[Black "Bandza, Rokas"]
[Result "0-1"]
[WhiteElo "1405"]
[BlackElo "1817"]
[PlyCount "76"]
[TimeControl "90/40+30:0"]
[WhiteClock "1:21:56"]
[BlackClock "0:21:15"]

1. e4 e6 2. d3 d5 3. Nd2 c5 4. Ngf3 Nf6 5. g3 Nc6 6. Bg2 g6 7. O-O Bg7 8.
Re1 O-O 9. e5 Nd7 10. Nb3 c4 11. Nbd2 cxd3 12. cxd3 Ndxe5 13. d4 Nd3 14. Re2 Nxc1 15. Rxc1 Nxd4 16. Nxd4 Bxd4 17. Nf3 Bg7 18. Ne5 Qd6 19. Qe1 Bd7 20. Nxd7 Qxd7 21. Rec2 Rfc8 22. b3 Rxc2 23. Rxc2 Rc8 24. Qc1 Rxc2 25. Qxc2 d4 26. Qd3 b6 27. f4 Qc7 28. a4 Qc1+ 29. Bf1 Bf8 30.
Qc4 Qe3+ 31. Kg2 Qe4+ 32. Kg1 Bc5 33. Qd3 Qe1 34. Kg2 Qa1 35.
Be2 Qb2 36. Kg1 Qxe2 37. Qxe2 d3+ 38. Kf1 dxe2+ 0-1